[Event "Early-Titled-Tuesday-Blitz-May-07-2024"]
[Site "Chess.com"]
[Date "2024.05.07"]
[Round "6"]
[White "K_A_S_T_O_R"]
[Black "wild3000"]
[Result "1-0"]
[WhiteElo "2857"]
[BlackElo "2519"]
[TimeControl "180+1"]
[EndTime "9:11:29 PDT"]
[Termination "K_A_S_T_O_R won by resignation"]

1. e4 e6 2. d4 d5 3. Nc3 Bb4 4. e5 Ne7 5. Bd2 c5 6. Nb5 Bxd2+ 7. Qxd2 O-O 8. c3 Nbc6 9. f4 cxd4 10. cxd4 a6 11.
Nc3 Nf5 12. Nf3 Qb6 13. Rd1 f6 14. Be2 Bd7 15. O-O Rac8 16. g4 Nfe7 17. Kg2 fxe5 18. Nxe5 Nxe5 19. fxe5 Ng6 20. Kg3 Rxf1 21. Rxf1 Qd8 22.
g5 Qe7 23. h4 Rf8 24. Rxf8+ Nxf8 25. Bd3 b5 26. Ne2 Be8 27. Nf4 Bg6 28. Qc3 Bxd3 29. Qxd3 Qc7 30. Qd2 Qc4 31. b3 Qc7 32. h5 g6 33. h6 Qf7 34. Qc2 Qf5 35. Qxf5 gxf5 36. Nh5 Kf7 37. Nf6 a5 38. Kf3 a4 39. bxa4 bxa4 40. a3 Kg6 41. Kf4 Kf7 42. Kg3 Ng6 43. Nxh7 Ne7 44. Nf6 Kg6 45. h7 Kg7 46. Kf4 Nc6 47.
Ke3 Ne7 48. Kd3 Ng6 49. Nd7 Kxh7 50. Nc5 Nf8 51. Nxa4 Kg6 52. Nc5 Kxg5 53. a4 f4 54. a5 f3 55. Ke3 Kg4 56. Kf2 Ng6 57. Nxe6 Nh4 58. a6 Kf5 59. a7 Kxe6 60. a8=Q Kf5 61. Qh8 Kg4 62. Qxh4+ Kxh4 63. e6 1-0

[Event "Early-Titled-Tuesday-Blitz-May-07-2024"]
[Site "Chess.com"]
[Date "2024.05.07"]
[Round "6"]
[White "BashirovKemal"]
[Black "MasterKroket"]
[Result "1-0"]
[WhiteElo "2677"]
[BlackElo "2508"]
[TimeControl "180+1"]
[EndTime "9:11:29 PDT"]
[Termination "BashirovKemal won by resignation"]

1. e4 e5 2. Nf3 Nc6 3. Bb5 a6 4. Ba4 Nf6 5. O-O Be7 6. Re1 b5 7. Bb3 O-O 8. h3 d6 9. c3 Na5 10. Bc2 c5 11. d4 cxd4 12. cxd4 Qc7 13. Nc3 Rd8 14. Bg5 Bb7 15. Rc1 Qb6 16. b3 h6 17. Be3 Qc6 18. Bd3 Qe8 19. dxe5 dxe5 20. Bb6 Nc6 21. Bxd8 Rxd8 22. Qe2 Ba3 23. Rcd1 Bb4 24.
Nd5 Bxe1 25. Nxf6+ gxf6 26. Qxe1 Nd4 27. Qe3 Nxf3+ 28.
Qxf3 Qe6 29. Rc1 Rc8 30. Rxc8+ Bxc8 31. Kh2 Bd7 32. Qe3 Kg7 33. Qc5 Qc6 34. Qxc6 Bxc6 35. a3 Kf8 36. Kg3 Bd7 37. b4 Be6 38. f4 exf4+ 39.
Kxf4 Ke7 40. Be2 Kd6 41. h4 Bc8 42. Bh5 Be6 43. Bg4 Ke7 44. Bxe6 fxe6 45. g4 Kf7 46. e5 Kg6 47. exf6 Kf7 48. g5 hxg5+ 49. hxg5 e5+ 50. Kxe5 Kg6 51. Kd6 Kxg5 52. f7 1-0

[Event "Early-Titled-Tuesday-Blitz-May-07-2024"]
[Site "Chess.com"]
[Date "2024.05.07"]
[Round "6"]
[White "Arteler"]
[Black "JiiHart"]
[Result "0-1"]
[WhiteElo "2322"]
[BlackElo "2171"]
[TimeControl "180+1"]
[EndTime "9:11:30 PDT"]
[Termination "JiiHart won by checkmate"]

1. e4 c5 2. Nf3 Nc6 3. d4 cxd4 4. Nxd4 Nf6 5. Nc3 d6 6. Be3 e5 7. Ndb5 a6 8. Na3 Rb8 9. Bg5 Be7 10. Bxf6 gxf6 11. Nd5 f5 12. Bd3 Be6 13. c4 f4 14. Nc2 b5 15. Ncb4 Nxb4 16. Nxb4 Qa5 17. a3 bxc4 18. Bc2 O-O 19. O-O Qc5 20. Nxa6 Qb6 21.
Nxb8 Rxb8 22. Rb1 Qb7 23. Qd2 Kh8 24. Rfd1 Rg8 25. Kh1 f5 26. f3 Bd7 27. exf5 Bc6 28. Qe2 Bf6 29. Rxd6 Bh4 30. Qxc4 Bxf3 31. Qxg8+ Kxg8 32. Rg1 Bf2 33. Bb3+ Kf8 34. gxf3 Bxg1 35. Kxg1 Qxf3 36.
Bc2 Qe3+ 37. Kf1 f3 38. Rd8+ Ke7 39. Rc8 Qe2+ 40. Kg1 Qg2# 0-1

[Event "Early-Titled-Tuesday-Blitz-May-07-2024"]
[Site "Chess.com"]
[Date "2024.05.07"]
[Round "6"]
[White "tetrix83"]
[Black "kuchma777"]
[Result "1-0"]
[WhiteElo "2672"]
[BlackElo "2501"]
[TimeControl "180+1"]
[EndTime "9:11:31 PDT"]
[Termination "tetrix83 won by resignation"]

1. e4 c6 2. d4 d5 3. exd5 cxd5 4.
Bd3 Nc6 5. c3 Nf6 6. h3 g6 7.
Nf3 Bg7 8. O-O Bf5 9. Be2 O-O 10. Bf4 Re8 11. Nbd2 Rc8 12. Re1 a6 13. Bf1 h5 14.
Nh4 Bd7 15. Bd3 Na5 16. Qe2 b5 17. Ndf3 Nc4 18. Ne5 e6 19. Nxf7 Kxf7 20. Bxg6+ Kg8 21. Bg5 Nd6 22. Bxh5 Nde4 23. Bxe8 Qxe8 24. Bf4 Qf7 25.
Be5 Nh5 26. Bxg7 Nxg7 27. Nf3 Nd6 28. Ne5 Qe8 29. Qg4 Nc4 30. Nxc4 bxc4 31. Re5 Rb8 32. Rg5 Qf7 33. b4 cxb3 34. axb3 Rf8 35. f3 Bb5 36. Re1 Re8 37. Ree5 Bd3 38. Rxg7+ Qxg7 39. Rg5 Re7 40. Rxg7+ Rxg7 41. Qxe6+ Kh7 42. Qxd5 Bg6 43. g4 Re7 44. Kf2 Bf7 45. Qf5+ Kg7 46. Qg5+ Kf8 47. c4 Rb7 48. b4 a5 1-0

[Event "Early-Titled-Tuesday-Blitz-May-07-2024"]
[Site "Chess.com"]
[Date "2024.05.07"]
[Round "6"]
[White "Shuvalov"]
[Black "ferdipy"]
[Result "1-0"]
[WhiteElo "2575"]
[BlackElo "2331"]
[TimeControl "180+1"]
[EndTime "9:11:31 PDT"]
[Termination "Shuvalov won by checkmate"]

1. d4 e5 2. dxe5 d6 3. Bf4 Nc6 4. exd6 Qf6 5. Qc1 Bxd6 6. Bxd6 Qxd6 7. Nf3 Bg4 8. Nbd2 O-O-O 9. e3 Nf6 10. Be2 h5 11. h3 Bf5 12. a3 g5 13. Nxg5 h4 14. Nxf7 Qe7 15. Nxh8 Rxh8 16. b4 Rg8 17. Rg1 Qe5 18.
Rb1 Qh2 19. Nf3 Qd6 20. Qd2 Qe7 21. Qc3 Ne4 22. Qb2 Rd8 23. Rd1 Rf8 24. b5 Na5 25. Qe5 Qxa3 26. Nd4 Qc3+ 27. Kf1 Bd7 28. Bf3 Nd2+ 29.
Ke2 Ndc4 30. Qe7 Re8 31. Qxh4 Rxe3+ 32. fxe3 Qxe3+ 33. Kf1 Nd2+ 34. Rxd2 Qxd2 35. Qh8+ Be8 36. Qxe8# 1-0

[Event "Early-Titled-Tuesday-Blitz-May-07-2024"]
[Site "Chess.com"]
[Date "2024.05.07"]
[Round "6"]
[White "miragha_yev"]
[Black "OparinGrigoriy"]
[Result "1/2-1/2"]
[WhiteElo "2838"]
[BlackElo "2984"]
[TimeControl "180+1"]
[EndTime "9:11:32 PDT"]
[Termination "Game drawn by repetition"]

1. e4 c5 2. Nf3 Nc6 3. d4 cxd4 4. Nxd4 e5 5. Nb5 d6 6. N5c3 Nf6 7. Bd3 h6 8. O-O Be6 9. h3 Be7 10. Nd2 O-O 11. Nc4 d5 12. exd5 Nxd5 13. Nxd5 Bxd5 14. Ne3 Be6 15. Qh5 Bg5 16. Rd1 Qf6 17. Ng4 Bxg4 18. Qxg4 Rfd8 19. Qe4 g6 20. c3 Rd6 21. Be3 Bxe3 22.
Qxe3 Kg7 23. Be4 Rad8 24. Rxd6 Rxd6 25. Bxc6 bxc6 26. Qxa7 Rd2 27. a4 Rxb2 28. a5 Qd6 29. a6 c5 30. Qa8 Qd2 31. Qf3 e4 32. Qe3 Qxe3 33. fxe3 Rb8 34. a7 Ra8 35. Ra6 h5 36. Kh2 h4 37. g3 g5 38. gxh4 gxh4 39. Kg2 Kf8 40. Kf2 Ke7 41. Ke2 Kd7 42. c4 Kc7 43.
Rf6 Rxa7 44. Rxf7+ Kb6 45. Rxa7 Kxa7 46. Kd2 Kb6 47. Kc3 Ka5 48. Kb3 Kb6 49. Ka4 Ka6 50. Kb3 Kb6 51. Ka3 Ka6 52. Ka4 Kb6 53. Kb3 Ka6 54.
Ka4 Kb6 55. Kb3 Ka6 56. Ka4 1/2-1/2

[Event "Early-Titled-Tuesday-Blitz-May-07-2024"]
[Site "Chess.com"]
[Date "2024.05.07"]
[Round "6"]
[White "Abund"]
[Black "CristianS27"]
[Result "1-0"]
[WhiteElo "2758"]
[BlackElo "2558"]
[TimeControl "180+1"]
[EndTime "9:11:33 PDT"]
[Termination "Abund won on time"]

1. e4 e5 2. Nf3 Nc6 3. Bc4 Nf6 4. d3 Bc5 5. O-O d6 6. c3 a6 7. a4 Ba7 8. Na3 h6 9. Nc2 Nh5 10. d4 Qf6 11. Ne3 Nf4 12. Nd5 Nxd5 13. exd5 Ne7 14. dxe5 dxe5 15. Be3 Bxe3 16. fxe3 O-O 17. e4 Bg4 18. Qc2 Ng6 19. Kh1 Nh4 20. Nxh4 Qxh4 21. a5 Rad8 22. Rf2 Rd6 23. Raf1 Rg6 24. Qb3 Bc8 25.
d6 Rf6 26. Rxf6 gxf6 27. dxc7 Qxe4 28. Rxf6 Bf5 29. h3 Kg7 30. Rxf7+ Rxf7 31. Bxf7 Bxh3 32. Qd5 Bxg2+ 33. Kh2 Qxd5 34. Bxd5 Bh3 35. Kxh3 1-0

[Event "Early-Titled-Tuesday-Blitz-May-07-2024"]
[Site "Chess.com"]
[Date "2024.05.07"]
[Round "6"]
[White "ChainedDowntohell"]
[Black "ckgchess"]
[Result "0-1"]
[WhiteElo "2583"]
[BlackElo "2898"]
[TimeControl "180+1"]
[EndTime "9:11:34 PDT"]
[Termination "ckgchess won by checkmate"]

1. d4 g6 2. e4 Bg7 3. h4 d5 4. e5 c5 5. c3 h5 6. Bb5+ Bd7 7. Qb3 cxd4 8. Nf3 Nc6 9. cxd4 a6 10. Bxc6 bxc6 11. Bf4 Nh6 12. O-O O-O 13. Nbd2 Rb8 14. Qa3 Rb6 15. Rac1 Nf5 16. Nb3 Nh6 17. Rc3 Bg4 18.
Nbd2 Nf5 19. Rfc1 Qd7 20. b3 Bh6 21. Bxh6 Nxh6 22. Qa4 Rc8 23. Ng5 Qb7 24. Qa3 Rb4 25.
Ngf3 Bxf3 26. Nxf3 Nf5 27. Rd1 Qb6 28. Rc5 Rb5 29.
Rc3 c5 30. Qc1 Qa5 31. Qc2 Qb4 32. dxc5 Rbxc5 33. Rxc5 Rxc5 34. Qe2 e6 35. g3 a5 36. Qa6 Rc3 37. Qa8+ Kg7 38. Ng5 Nxg3 39. fxg3 Rxg3+ 40. Kf2 Qf4+ 41. Ke2 Re3+ 42. Kd2 Qf2+ 43. Kc1 Rc3+ 44. Kb1 Qc2+ 45. Ka1 Qxd1+ 46. Kb2 Qc1# 0-1

[Event "Early-Titled-Tuesday-Blitz-May-07-2024"]
[Site "Chess.com"]
[Date "2024.05.07"]
[Round "6"]
[White "NikFil2013"]
[Black "WindWhistler11"]
[Result "0-1"]
[WhiteElo "2390"]
[BlackElo "2553"]
[TimeControl "180+1"]
[EndTime "9:11:34 PDT"]
[Termination "WindWhistler11 won on time"]

1. d4 Nf6 2. c4 e6 3. Nc3 c5 4.
d5 exd5 5. cxd5 Bd6 6. e4 O-O 7. Nf3 Re8 8. Bd3 Bc7 9. O-O d6 10. Re1 a6 11. a4 Nbd7 12. Bf4 Nf8 13. h3 Ng6 14. Bh2 Rb8 15. Nd2 Bd7 16. Nc4 Bc8 17. a5 Ne5 18. Bxe5 dxe5 19. Bc2 Bd6 20. f4 Qc7 21.
fxe5 Rxe5 22. Nxe5 Bxe5 23. Qd3 Nh5 24. Ne2 Bd7 25. Qf3 g6 26. Rf1 Bb5 27. Bd3 c4 28. Bc2 c3 29. Bd3 Bxd3 30. Qxd3 cxb2 31. Rab1 Qxa5 32.
Qf3 Qc7 33. g4 Ng7 34. Rfd1 Rd8 35. Kg2 Rd6 36. Nd4 Rf6 37. Qe3 h5 38. Nf3 Bf4 39. Qd3 hxg4 40. e5 gxf3+ 41. Qxf3 Bxe5 0-1

[Event "Early-Titled-Tuesday-Blitz-May-07-2024"]
[Site "Chess.com"]
[Date "2024.05.07"]
[Round "6"]
[White "martinmena"]
[Black "kyawmyataung2005"]
[Result "1-0"]
[WhiteElo "2124"]
[BlackElo "2284"]
[TimeControl "180+1"]
[EndTime "9:11:34 PDT"]
[Termination "martinmena won on time"]

1. c4 c5 2. g3 Nc6 3. Bg2 g6 4. Nc3 Bg7 5. e4 e5 6. Nge2 Nge7 7. O-O O-O 8. d3 d6 9. Be3 Be6 10. Qd2 Qd7 11. Bh6 Bh3 12. Bxg7 Kxg7 13. f4 Bxg2 14. Kxg2 f6 15. Nd5 Rac8 16. a3 Nxd5 17. cxd5 Nd4 18. Nxd4 cxd4 19. Rac1 Qb5 20. Rc2 Rxc2 21.
Qxc2 Rf7 22. Rc1 f5 23. fxe5 fxe4 24. dxe4 dxe5 25. d6 Rf6 26. Qc7+ Kh6 27. d7 Qe2+ 28. Kh3 g5 29. Qxe5 g4+ 30. Kh4 Qxh2+ 31. Kxg4 Qe2+ 32.
Kh3 1-0

[Event "Early-Titled-Tuesday-Blitz-May-07-2024"]
[Site "Chess.com"]
[Date "2024.05.07"]
[Round "6"]
[White "ImportedItalianMaple"]
[Black "mapleaff"]
[Result "1-0"]
[WhiteElo "2509"]
[BlackElo "2275"]
[TimeControl "180+1"]
[EndTime "9:11:35 PDT"]
[Termination "ImportedItalianMaple won on time"]

1. e4 c5 2. Nf3 Nc6 3. Bb5 e6 4. Bxc6 bxc6 5. b3 d6 6. e5 dxe5 7. Nxe5 Qg5 8. Ng4 h5 9. Ne3 h4 10. Qf3 Ne7 11. Nc3 Nd5 12. Bb2 a5 13. Ne4 Qg6 14.
Nc4 Nb4 15. O-O-O Nxa2+ 16. Kb1 Nb4 17. Rhe1 a4 18. Ne5 Qh5 19. Qc3 axb3 20. cxb3 Nd5 21.
Qc2 f6 22. Nxc6 Bb7 23. Nxc5 Bxc5 24. Qxc5 Qf5+ 25. d3 Rc8 26. Nd4 Rxc5 27. Nxf5 Kf7 28. Nd6+ Kg6 29. Nxb7 Rb5 30. Nd6 Rxb3 31. Nc4 Rhb8 32.
Kc2 R3b4 33. Rxe6 R4b5 34. Bc3 Ra8 35. Rb1 Ra2+ 36. Rb2 Nxc3 37. Kxc3 Ra3+ 38. Nxa3 Rc5+ 39. Nc4 1-0

[Event "Early-Titled-Tuesday-Blitz-May-07-2024"]
[Site "Chess.com"]
[Date "2024.05.07"]
[Round "6"]
[White "NovakRatko"]
[Black "NowInChess"]
[Result "1-0"]
[WhiteElo "2428"]
[BlackElo "2239"]
[TimeControl "180+1"]
[EndTime "9:11:35 PDT"]
[Termination "NovakRatko won on time"]

1. d4 Nf6 2. c4 c5 3. dxc5 e6 4. Be3 Na6 5. a3 Bxc5 6. Bxc5 Nxc5 7. b4 Nce4 8. f3 Ng4 9. Qd4 Qh4+ 10. g3 Nxg3 11.
Qxg4 Qf6 12. hxg3 Qxa1 13. Qe4 d5 14. cxd5 Qb2 15. e3 Qc1+ 16. Kf2 f5 17. Qd3 O-O 18. Ne2 Qc7 19. d6 Qd7 20. Bg2 Rd8 21. Rd1 a5 22. b5 b6 23. f4 Bb7 24. Bxb7 Qxb7 25. Qc4 Kf7 26. Qc6 Rd7 27. Nd4 Rad8 28. Qxb7 Rxb7 29. Nc6 Rdd7 30. Ne5+ Ke8 31. Nxd7 Kxd7 32.
Nc3 Rb8 33. Rd3 h6 34. Kf3 g5 35.
e4 g4+ 36. Ke3 h5 37. e5 Rc8 38.
Na4 Rb8 39. Rc3 Rb7 40. Rc6 Kd8 41. Nxb6 Rb8 42. d7 Rb7 43. Rxe6 1-0

[Event "Early-Titled-Tuesday-Blitz-May-07-2024"]
[Site "Chess.com"]
[Date "2024.05.07"]
[Round "6"]
[White "RusPakhom"]
[Black "laysa_latifah"]
[Result "0-1"]
[WhiteElo "2352"]
[BlackElo "2337"]
[TimeControl "180+1"]
[EndTime "9:11:35 PDT"]
[Termination "laysa_latifah won by resignation"]

1. d4 Nf6 2. c4 e6 3. Nc3 Bb4 4. e3 O-O 5. Bd3 d5 6. a3 Bxc3+ 7. bxc3 c5 8. cxd5 exd5 9. Ne2 Nc6 10. O-O Rb8 11.
Rb1 c4 12. Bc2 b5 13. Ng3 a5 14.
f3 b4 15. axb4 axb4 16. cxb4 Rxb4 17. Ra1 Re8 18. Re1 Rb8 19. Bd2 Bd7 20. Bc3 Nb4 21.
Bb1 Qc7 22. e4 g6 23. e5 Nh5 24. Nxh5 gxh5 25. Bxb4 Rxb4 26. Qc2 Kf8 27. Qxh7 Qb6 28.
Rd1 Be6 29. Qh8+ Ke7 30. Qf6+ Kd7 31. f4 Bg4 32. Qxf7+ Re7 33. Qxd5+ Kc7 34. Be4 Bxd1 35. Rxd1 Rd7 36. Qg8 Rxd4 37. Qh7+ Rd7+ 0-1

[Event "Early-Titled-Tuesday-Blitz-May-07-2024"]
[Site "Chess.com"]
[Date "2024.05.07"]
[Round "6"]
[White "Veleamater"]
[Black "Sanyura"]
[Result "1-0"]
[WhiteElo "2446"]
[BlackElo "2599"]
[TimeControl "180+1"]
[EndTime "9:11:36 PDT"]
[Termination "Veleamater won on time"]

1. g3 Nf6 2. Bg2 g6 3. d3 Bg7 4.
Nc3 O-O 5. e4 d6 6. f4 Nbd7 7.
Nf3 c6 8. O-O b5 9. h3 b4 10.
Ne2 a5 11. g4 Ba6 12. Ng3 c5 13.
g5 Ne8 14. Rb1 c4 15. Rf2 cxd3 16. cxd3 Nc5 17. Bf1 Rc8 18. Be3 Nc7 19. h4 Qd7 20. Kh2 Qg4 21. Bh3 Qxg3+ 22. Kxg3 Bxd3 23. Rc1 Nxe4+ 24. Kg2 Nxf2 25. Kxf2 Bf5 26. Bxf5 gxf5 27. Bd4 e5 28. Bb6 Ne6 29. Rxc8 Rxc8 30. Qxd6 Nxf4 31. Qd2 Ne6 32. h5 e4 33. Nh4 f4 34. Nf5 e3+ 35. Nxe3 fxe3+ 36.
Bxe3 Rd8 37. Qc2 Bd4 38. Qf5 Bxe3+ 39. Kxe3 Re8 40. Qxa5 Nxg5+ 41. Kf4 Ne6+ 42. Kg4 Rd8 43. Kf5 Nd4+ 44. Ke4 Nc6 45. Qg5+ Kf8 46. h6 Re8+ 47. Kd3 Re5 48. Qg7+ Ke7 49. Qxh7 Rh5 50. Qg7 Ne5+ 51. Kc2 Ng6 52. Kb3 Rh4 53. h7 1-0

[Event "Early-Titled-Tuesday-Blitz-May-07-2024"]
[Site "Chess.com"]
[Date "2024.05.07"]
[Round "6"]
[White "Barbix1"]
[Black "howitzer14"]
[Result "0-1"]
[WhiteElo "2270"]
[BlackElo "3014"]
[TimeControl "180+1"]
[EndTime "9:11:36 PDT"]
[Termination "howitzer14 won by checkmate"]

1. d4 Nf6 2. c4 c5 3. d5 b5 4. cxb5 a6 5. bxa6 g6 6. Nc3 Bg7 7. e4 O-O 8. Nf3 Qa5 9. Bd2 Bxa6 10.
Bxa6 Qxa6 11. Qe2 d6 12. Qxa6 Nxa6 13. Ke2 Rfb8 14. Rhb1 Nd7 15. Be1 Nb4 16. Kd1 Nb6 17.
a3 Nd3 18. Kc2 Nxe1+ 19. Nxe1 f5 20. f3 Nc4 21. a4 fxe4 22. fxe4 Rf8 23. Nd3 Ne3+ 24.
Kd2 Nxg2 25. a5 Bh6+ 26. Ke2 Ne3 27. a6 Nc2 28. Ra4 Nd4+ 29. Ke1 Rf3 30. Nf2 Raf8 31.
Ncd1 Be3 32. a7 Bxf2+ 33. Nxf2 Rxf2 34. a8=Q Rf1+ 35. Kd2 Rxb1 36. Qb7 Rf2+ 37. Kc3 Rc1+ 38. Kd3 Rf3+ 39. Kd2 Rc2+ 40. Ke1 Re2+ 41. Kd1 Rf1# 0-1

[Event "Early-Titled-Tuesday-Blitz-May-07-2024"]
[Site "Chess.com"]
[Date "2024.05.07"]
[Round "6"]
[White "Oleg_Papayan"]
[Black "NMChessToImpress"]
[Result "1-0"]
[WhiteElo "2674"]
[BlackElo "2260"]
[TimeControl "180+1"]
[EndTime "9:11:36 PDT"]
[Termination "Oleg_Papayan won by resignation"]

1. e4 e6 2. d4 d5 3. Nc3 Bb4 4. Ne2 dxe4 5. a3 Be7 6. Nxe4 Nf6 7. Nxf6+ Bxf6 8. Be3 Nc6 9. Qd2 e5 10. O-O-O exd4 11. Nxd4 Nxd4 12. Bxd4 Qxd4 13. Qxd4 Bxd4 14. Rxd4 Be6 15.
Bc4 Bxc4 16. Rxc4 O-O-O 17. Ra4 a6 18. Rf4 Rd7 19. Re1 g6 20. Re3 Rhd8 21. b4 f5 22. h4 Rd1+ 23. Kb2 R1d4 24. Rxd4 Rxd4 25. h5 Kd7 26.
hxg6 hxg6 27. Rg3 Rd2 28. f3 Rd6 29. c4 Ke7 30. Kc3 Kf6 31. Rh3 Re6 32. Rh7 Re3+ 33.
Kd4 Re2 34. Rxc7 Rxg2 35. Rxb7 f4 36. c5 g5 37. Rb6+ Kf5 38. c6 g4 39. fxg4+ Kxg4 40. Rxa6 f3 41. c7 Rc2 42. Rg6+ Kf5 43. Rg8 Ke6 44.
c8=Q+ Rxc8 45. Rxc8 f2 46. Rc1 f1=Q 47. Rxf1 1-0

[Event "Early-Titled-Tuesday-Blitz-May-07-2024"]
[Site "Chess.com"]
[Date "2024.05.07"]
[Round "6"]
[White "DominguezOnYoutube"]
[Black "nochewycandy"]
[Result "1-0"]
[WhiteElo "2974"]
[BlackElo "2813"]
[TimeControl "180+1"]
[EndTime "9:11:37 PDT"]
[Termination "DominguezOnYoutube won by resignation"]

1. e4 e5 2. Nf3 Nc6 3. Bb5 a6 4. Ba4 f5 5. d4 exd4 6. e5 b5 7. Bb3 Bb7 8. O-O Na5 9. Nxd4 c5 10. Bxg8 cxd4 11. Bb3 Nxb3 12. axb3 Qh4 13. Nd2 Bc5 14. Nf3 Qg4 15. h3 Qg6 16. Bf4 O-O 17. Kh2 h6 18.
Rg1 Qb6 19. b4 Bxb4 20. Nxd4 g5 21. Bc1 Rae8 22. f4 Bc5 23. c3 Qg6 24. b4 Bb6 25.
Be3 Kh7 26. Qd2 g4 27. g3 gxh3 28. Rae1 Qg4 29. Nc2 Bd8 30. Bc5 Rf7 31. Ne3 Qg6 32. Qf2 Rg8 33. Rd1 Rfg7 34. Rd6 Qh5 35. Rdd1 Bf3 36.
Rde1 Be4 37. Rd1 Bf3 38. Rd2 Bh4 39. Nf1 Bg2 40. gxh4 Bxf1 41. Rxg7+ Rxg7 42. Qxf1 Qg4 43. Qf2 h5 44. Rd3 Qg2+ 45. Qxg2 Rxg2+ 46. Kxh3 Rc2 47. Rxd7+ 1-0

[Event "Early-Titled-Tuesday-Blitz-May-07-2024"]
[Site "Chess.com"]
[Date "2024.05.07"]
[Round "6"]
[White "TrompeterImEther"]
[Black "bancsoo"]
[Result "0-1"]
[WhiteElo "2599"]
[BlackElo "2886"]
[TimeControl "180+1"]
[EndTime "9:11:37 PDT"]
[Termination "bancsoo won by resignation"]

1. e4 e5 2. Nf3 d6 3. d4 exd4 4. Nxd4 Nf6 5. Nc3 Be7 6. Bf4 O-O 7.
Qd2 Nc6 8. O-O-O Nxd4 9. Qxd4 Be6 10. f3 a6 11. g4 b5 12. g5 Nh5 13. Be3 Bxg5 14.
Rg1 Bxe3+ 15. Qxe3 Qf6 16. Ne2 Bc4 17. Rg4 Kh8 18. Ng3 Nxg3 19. hxg3 Bxa2 20. Bd3 Bc4 21.
Rh1 Bxd3 22. Rgh4 Qg6 23. Rg4 Bxe4 24. Rxg6 Bxg6 25. f4 Rfe8 26. Qf2 Be4 27. Rd1 f5 28. Rd2 a5 29. Qd4 b4 30. Rh2 Re7 31. b3 Rd7 32. g4 c5 33. Qe3 Rf8 34. g5 g6 35.
Kb2 Kg8 36. Rd2 Rc8 37. Qe2 d5 38. Qb5 Rdc7 39. Qb6 Rc6 40. Qb7 c4 41. Qe7 c3+ 0-1

[Event "Early-Titled-Tuesday-Blitz-May-07-2024"]
[Site "Chess.com"]
[Date "2024.05.07"]
[Round "6"]
[White "Boundless_Strike"]
[Black "Gareth-Bale11"]
[Result "1-0"]
[WhiteElo "2673"]
[BlackElo "2899"]
[TimeControl "180+1"]
[EndTime "9:11:37 PDT"]
[Termination "Boundless_Strike won by resignation"]

1. d4 Nf6 2. f3 d5 3. e4 c5 4. e5 Nfd7 5. f4 cxd4 6. Nf3 Nc6 7. a3 Nc5 8. Bd3 Bg4 9. O-O e6 10. h3 Bxf3 11. Qxf3 g6 12. b4 Nxd3 13. cxd3 h5 14. Nd2 Qb6 15. Nb3 Be7 16. Bd2 h4 17. Rab1 Qb5 18. Rfc1 b6 19. Ra1 Qa4 20. Qd1 Kf8 21.
b5 Nd8 22. Rc7 Qxb5 23. Qc2 Qa4 24. Kh2 a5 25. Rc1 Bc5 26. Nxc5 Qxc2 27. Nd7+ Kg7 28. R1xc2 b5 29. Nf6 b4 30. axb4 a4 31. b5 Rb8 32.
Rb2 Nb7 33. Nd7 Rhc8 34. b6 Ra8 35. Rxb7 a3 36. Ra2 Rc6 37. Rc7 Rxc7 38. bxc7 Rc8 39. Ba5 1-0

[Event "Early-Titled-Tuesday-Blitz-May-07-2024"]
[Site "Chess.com"]
[Date "2024.05.07"]
[Round "6"]
[White "catalin009"]
[Black "CSB7"]
[Result "0-1"]
[WhiteElo "2561"]
[BlackElo "2774"]
[TimeControl "180+1"]
[EndTime "9:11:37 PDT"]
[Termination "CSB7 won on time"]

1. e4 c5 2. Nf3 Nc6 3. d4 cxd4 4.
Nxd4 Qb6 5. Nb3 Nf6 6. Nc3 e6 7. Be3 Qc7 8. Bd3 a6 9. f4 b5 10. a3 d6 11. Qf3 Bb7 12. O-O Be7 13. Kh1 O-O 14. Qh3 b4 15. e5 dxe5 16. fxe5 Nxe5 17. Bf4 g6 18. Rae1 Bd6 19. axb4 Nxd3 20. Bxd6 Qxd6 21.
Rd1 Qxb4 22. Rxd3 Qe7 23. Qh4 Nd5 24. Qxe7 Nxe7 25. Rd7 Bxg2+ 26. Kxg2 Nf5 27. Nc5 Ne3+ 28. Kf2 Nxf1 29. Kxf1 Rfd8 30. Rb7 Rd2 31. N3e4 Rxc2 32. Nd7 Rd8 33. b4 Rb2 34. Nec5 h5 35. Nxa6 Rxh2 36.
Nac5 Ra8 37. Nf6+ Kg7 0-1

[Event "Early-Titled-Tuesday-Blitz-May-07-2024"]
[Site "Chess.com"]
[Date "2024.05.07"]
[Round "6"]
[White "arenal72"]
[Black "highlama"]
[Result "1-0"]
[WhiteElo "2620"]
[BlackElo "2406"]
[TimeControl "180+1"]
[EndTime "9:11:37 PDT"]
[Termination "arenal72 won by resignation"]

1. Nf3 Nf6 2. g3 g6 3. Bg2 Bg7 4. O-O O-O 5. d3 a5 6. e4 a4 7. c3 d6 8. Qe2 e5 9. Nbd2 Re8 10.
Nc4 b5 11. Ne3 c6 12. Bd2 Na6 13. b4 axb3 14. axb3 Be6 15. b4 h6 16. h4 Re7 17.
Ra5 Rea7 18. Rfa1 Qb8 19. Qe1 Kh7 20. Nc2 Nc7 21. Rxa7 Rxa7 22. Be3 Ra4 23. Rxa4 bxa4 24. c4 d5 25. exd5 cxd5 26. Nxe5 dxc4 27. dxc4 Ng4 28. Nxg4 Bxg4 29. Bf4 Qb6 30. c5 Qe6 31. Qxe6 Nxe6 32. Bd5 Nxf4 33. gxf4 Bd1 34. Na3 Bb2 35. Nb5 a3 36. c6 Bf3 37. c7 Bxd5 38. Nxa3 Bb7 39. Nc4 Bc3 40. Nd6 Bxb4 41. Nxb7 1-0

[Event "Early-Titled-Tuesday-Blitz-May-07-2024"]
[Site "Chess.com"]
[Date "2024.05.07"]
[Round "6"]
[White "WilsonPalencia21"]
[Black "Thebigsqueeze"]
[Result "0-1"]
[WhiteElo "2521"]
[BlackElo "2380"]
[TimeControl "180+1"]
[EndTime "9:11:37 PDT"]
[Termination "Thebigsqueeze won by resignation"]

1. d4 Nf6 2. c4 c5 3. d5 b5 4.
cxb5 a6 5. bxa6 d6 6. Nc3 g6 7. e4 Bg7 8. Bb5+ Bd7 9. a4 Nxa6 10. Nf3 O-O 11. O-O Qb6 12. Nd2 Nc7 13. Nc4 Qb7 14. Bxd7 Nxd7 15. Ra3 Rfb8 16. Qc2 Qb4 17. Nd2 Ne5 18. f4 Nc4 19. Rb3 Ne3 20. Rxb4 Nxc2 21. Rxb8+ Rxb8 22. Nc4 Rb4 23. Na5 Bxc3 24.
bxc3 Rxa4 25. Nc6 Rxe4 26. Rd1 f5 27. Kf2 Kf7 28. h3 Nb5 29. Rd2 Ne3 30. Rb2 Nd1+ 31. Kf3 Nxb2 32. Bxb2 Ra4 33. g4 Ra2 34. Bc1 Rc2 35. Be3 Rxc3 36. gxf5 gxf5 37. Nd8+ Kf6 38. Ke2 Nd4+ 39. Kd2 Rc2+ 40. Kd3 Rh2 41. Bxd4+ cxd4 42. Kxd4 Rxh3 43. Ne6 h5 44. Ng5 Rh1 45. Ke3 Rd1 0-1

[Event "Early-Titled-Tuesday-Blitz-May-07-2024"]
[Site "Chess.com"]
[Date "2024.05.07"]
[Round "6"]
[White "Senn71"]
[Black "LuisFSiles"]
[Result "1-0"]
[WhiteElo "2250"]
[BlackElo "2473"]
[TimeControl "180+1"]
[EndTime "9:11:37 PDT"]
[Termination "Senn71 won by resignation"]

1. e4 c5 2. Nf3 Nc6 3. d4 cxd4 4. Nxd4 Nf6 5. Nc3 e5 6. Ndb5 d6 7. Bg5 a6 8. Na3 b5 9. Nd5 Be7 10. Bxf6 Bxf6 11. c3 O-O 12. Nc2 Rb8 13. h4 Be7 14. g3 Be6 15. Nce3 Qd7 16. Bg2 Bd8 17. O-O Ne7 18.
Qd2 Bxd5 19. Nxd5 Nxd5 20. Qxd5 b4 21. c4 Bb6 22. Rad1 Rfd8 23. Rd2 Bc5 24. Rfd1 Qa7 25.
Bh3 a5 26. Kg2 a4 27. h5 a3 28. b3 Qe7 29. Qd3 Qg5 30. Qf3 g6 31. Qg4 Qh6 32.
Rd5 Rf8 33. hxg6 hxg6 34. Rh1 f5 35. exf5 Rxf5 36. Rxc5 dxc5 37. Qe4 Qg7 38. Bxf5 gxf5 39. Qxf5 Re8 40. Rh5 Qb7+ 41. Kh2 Re7 42. Rg5+ Rg7 43.
Qxe5 Rxg5 44. Qxg5+ Kf8 45. Qf6+ Ke8 46. Qe5+ Kf8 47.
Qxc5+ Kg8 48. Qd5+ 1-0

[Event "Early-Titled-Tuesday-Blitz-May-07-2024"]
[Site "Chess.com"]
[Date "2024.05.07"]
[Round "6"]
[White "Slovineanu"]
[Black "SuanTiltado"]
[Result "1-0"]
[WhiteElo "2455"]
[BlackElo "2256"]
[TimeControl "180+1"]
[EndTime "9:11:37 PDT"]
[Termination "Slovineanu won on time"]

1. e4 c6 2. d4 d5 3. e5 Bf5 4.
Nc3 e6 5. g4 Bg6 6. Nge2 c5 7.
h4 h5 8. Nf4 Bh7 9. Nxh5 Nc6 10.
Be3 Qb6 11. dxc5 Qxb2 12. Nb5 Nb4 13. Rc1 Nxc2+ 14. Rxc2 Bxc2 15. Qc1 Qxc1+ 16. Bxc1 Rc8 17. Nd6+ Bxd6 18. cxd6 g6 19. Bb5+ Kf8 20. d7 Rd8 21.
Ba3+ Ne7 22. Nf6 a6 23. Be2 Ba4 24. h5 Bxd7 25. h6 Bc6 26. g5 Rd7 27. Kd2 Rc7 28.
Bd6 Rc8 29. Rc1 Ra8 30. a4 Rc8 31. a5 Ra8 32. Ke3 Rc8 33. Kd4 Ra8 34. f4 Rd8 35.
Rc3 Rxd6 36. exd6 Nf5+ 37. Ke5 d4 38. Rc1 1-0